 Dungeon Crawl Stone Soup version 0.20-a0-1124-g2e29d97 (webtiles) character file.

205552 JiminyMac the Slayer (level 18, -4/280 HPs)
             Began as a Minotaur Berserker on May 15, 2017.
             Was the Champion of Trog.
             Slain by an eight-headed hydra (9 damage)
             ... on level 3 of the Swamp on May 16, 2017.
             The game lasted 03:28:51 (45699 turns).

JiminyMac the Slayer (Minotaur Berserker)          Turns: 45699, Time: 03:28:52

Health: -4/280     AC: 28    Str: 37    XL:     18   Next: 42%
Magic:  17/17      EV: 16    Int:  7    God:    Trog [******]
Gold:   3217       SH:  0    Dex: 16    Spells: 17/17 levels left

rFire    . . .     SeeInvis .   f - +1 battleaxe (flame)
rCold    . . .     Gourm    .   (shield currently unavailable)
rNeg     + . .     Faith    .   y - +3 plate armour {rF+}
rPois    .         Spirit   .   (helmet restricted)
rElec    +         Reflect  .   (no cloak)
rCorr    .         Harm     .   T - +0 pair of gloves
MR       .....     Rnd*Tele +   N - +0 pair of boots
Stlth    ..........             A - amulet of Souxyexia {RegenMP rElec rF- Str+4}
Regen    0.6/turn               F - +4 ring of dexterity
MPRegen  0.3/turn               e - ring of Faub {+Inv rN+ MR- AC+3 Int+3}

@: berserking, lethally poisoned (-4 -> -78), very quick
A: retaliatory headbutt, horns 2, blurry vision 2, teleportitis 1
a: Berserk, Trog's Hand, Brothers in Arms, Burn Spellbooks, Renounce Religion,
Evoke Invisibility


You were on level 3 of the Swamp.
You worshipped Trog.
Trog was exalted by your worship.
You were not hungry.

You visited 5 branches of the dungeon, and saw 28 of its levels.
You visited the Abyss 2 times.
You also visited: Volcano and Wizlab.

You collected 3250 gold pieces.
You spent 33 gold pieces at shops.

Inventory:

Hand Weapons
 f - a +1 battleaxe of flaming (weapon)
 G - a +2 antimagic executioner's axe
 K - a +2 battleaxe of electrocution
 L - a +2 vampiric battleaxe
 U - the +3 trident of Gifask Foka {drain, rC++ rN+ Int+3 Stlth+}
   (You found it on level 13 of the Dungeon)

   A truly terrible weapon, it drains the life of those it strikes.
   It affects your intelligence (+3).
   It greatly protects you from cold.
   It protects you from negative energy.
   It makes you more stealthy.
 V - the +10 battleaxe of the Walnut {chop, rC+}
   (Trog gifted it to you on level 12 of the Dungeon)

   It inflicts extra damage upon your enemies.
   It protects you from cold.
Missiles
 M - 8 tomahawks of returning (quivered)
Armour
 y - a +3 plate armour of fire resistance (worn)
 N - a +0 pair of boots (worn)
 T - a +0 pair of gloves (worn)
Jewellery
 e - the ring of Faub (right hand) {+Inv rN+ MR- AC+3 Int+3}
   (You acquired it on level 3 of the Swamp)

   [ring of protection]

   It affects your AC (+3).
   It affects your intelligence (+3).
   It protects you from negative energy.
   It affects your resistance to hostile enchantments.
   It lets you turn invisible.
 A - the amulet of Souxyexia (around neck) {RegenMP rElec rF- Str+4}
   (You took it off a frost giant on level 14 of the Dungeon)

   [amulet of magic regeneration]

   It increases your magic regeneration.
   It affects your strength (+4).
   It makes you vulnerable to fire.
   It insulates you from electricity.
 F - a +4 ring of dexterity (left hand)
 P - an uncursed ring of see invisible
 Q - an uncursed ring of protection from magic
 Y - a +4 ring of evasion
 Z - an uncursed ring of flight
Wands
 t - a wand of disintegration (12/24)
 B - a wand of acid (1/15)
 I - a wand of digging (14/24)
 R - a wand of lightning (7/15)
 S - a wand of paralysis (9/24)
Scrolls
 b - 14 scrolls of teleportation
 d - 6 scrolls of identify
 i - 5 scrolls of enchant armour
 j - 12 scrolls of remove curse
 k - a scroll of fear
 n - 2 scrolls of silence
 r - a scroll of holy word
 s - 4 scrolls of blinking
 v - 2 scrolls of enchant weapon
 w - a scroll of fog
 z - 6 scrolls of magic mapping
 D - a scroll of recharging
 H - 2 scrolls of summoning
Potions
 g - 5 potions of curing
 l - 17 potions of flight
 m - 7 potions of haste
 p - 4 potions of magic
 q - 5 potions of agility
 u - 5 potions of mutation
 C - 2 potions of might
 J - 5 potions of resistance
 W - a potion of ambrosia
 X - a potion of heal wounds
Books
 o - a book of Alchemy

   Spells                             Type                      Level
   a - Sublimation of Blood           Necromancy                   2
   b - Ignite Poison                  Fire/Transmutation/Poison    3
   c - Petrify                        Transmutation/Earth          4
   d - Alistair's Intoxication        Transmutation/Poison         5
   e - Irradiate                      Conjuration/Transmutation    5
   Trog disapproves of the use of such an item.
 x - a book of Maledictions

   Spells                             Type                      Level
   a - Corona                         Hexes                        1
   b - Ensorcelled Hibernation        Hexes/Ice                    2
   c - Confuse                        Hexes                        3
   d - Tukima's Dance                 Hexes                        3
   e - Dazzling Spray                 Conjuration/Hexes            3
   Trog disapproves of the use of such an item.
Miscellaneous
 E - a fan of gales
 O - a crystal ball of energy
Comestibles
 a - 14 royal jellies
 c - 5 fruits
 h - a meat ration


   Skills:
 * Level 22.7 Fighting
 + Level 20.8 Axes
 + Level 19.0 Armour
 + Level 11.2 Dodging


You had 17 spell levels left.
You didn't know any spells.

Dungeon Overview and Level Annotations

Branches:
Dungeon (15/15)            Temple (0/1) D:4            Lair (6/6) D:8
  Swamp (4/4) Lair:2       Spider (0/4) Lair:2        Slime (0/5) Lair:5
    Orc (2/2) D:12            Elf (1/3) Orc:2        Vaults (0/5) D:13
 Depths (0/5) D:15

Altars:
Cheibriados
Dithmenos
Gozag
Hepliaklqana
Kikubaaqudgha
Makhleb
Sif Muna
The Shining One
Beogh

Shops:
D:14 (   Orc:2 ([(!(

Portals:
Trove: D:15 (show abyssal rune of Zot)

Annotations:
Lair:2 exclusion: ice statue
Lair:4 Sonja


Innate Abilities, Weirdness & Mutations

You reflexively headbutt those who attack you in melee.
You have a pair of horns on your head.
Scrolls take you longer to read.
You are occasionally teleported next to monsters.


Message History

* * * LOW HITPOINT WARNING * * *
You feel extremely sick.
There is a stone staircase leading down here.
Really read with blurry vision while enemies are nearby?
Okay, then.
A red film seems to cover your vision as you go berserk!
You feel yourself moving faster!
You feel mighty!
You feel quite a bit more hungry.
* * * LOW HITPOINT WARNING * * *
You feel extremely sick. The six-headed hydra bites you!
* * * LOW HITPOINT WARNING * * *
The six-headed hydra bites you but does no damage. x3
The six-headed hydra completely misses you.
The six-headed hydra bites you but does no damage.
The eight-headed hydra bites you.
* * * LOW HITPOINT WARNING * * *
The eight-headed hydra bites you but does no damage. x2
The eight-headed hydra bites you!
You die...

♣♣ ♣♣....≈≈.≈≈♣≈≈≈≈.≈...≈≈.♣ .♣
♣♣..≈≈≈≈≈.≈≈≈≈≈.≈≈≈♣.≈≈≈.♣♣
.♣♣♣♣♣♣≈≈≈≈≈≈≈♣.≈...[≈≈≈≈≈♣≈≈..≈.
.....≈♣.≈≈§..≈≈.♣.≈≈.≈≈≈≈...≈≈≈≈≈
≈≈≈≈.....≈≈♣.≈..♣.≈≈..≈.≈≈.≈≈≈≈≈♣
.≈.≈.≈≈.♣♣≈≈≈≈.♣♣[≈≈≈≈≈.≈..≈.≈≈♣≈
..?...≈.≈≈≈≈≈.♣♣♣.≈.≈≈≈..≈≈...≈≈≈
♣.♣♣♣.≈..≈≈≈).♣♣♣D..♣≈..≈≈.≈≈.≈≈≈
♣♣♣ ♣.≈≈.≈≈≈≈♣♣♣@D♣.♣♣♣.≈≈.≈≈.=)≈
♣ ♣♣≈≈≈.≈≈≈♣ ♣♣.[.♣♣♣§≈.≈≈≈≈≈≈≈
♣♣≈≈..≈≈♣♣♣♣♣...♣♣♣≈≈≈≈≈≈≈≈.
♣.≈≈≈≈≈..♣♣♣.≈♣♣ ♣/≈♣≈≈≈≈≈≈
♣.≈..≈≈≈≈.♣♣.≈♣ ♣.....≈≈♣≈
♣≈≈.≈♣≈≈♣...≈≈♣ ♣./≈≈.≈...
♣≈..≈≈≈♣≈.≈.≈.♣ ♣♣≈≈..≈≈♣. ♣
♣♣...♣≈≈≈≈≈...♣ ♣≈≈≈♣≈≈≈≈ ♣♣
♣.≈≈≈≈≈≈.♣≈≈.♣ ♣.≈≈≈≈≈≈≈


You could see an eight-headed hydra and a six-headed hydra.

Vanquished Creatures
  A tentacled monstrosity (Abyss:2)
  A tentacled starspawn (Abyss:2)
  A sphinx (D:14)
  Frances (Swamp:1)
  A thorn hunter (Swamp:2)
  A tengu reaver (D:14)
  Donald (Swamp:1)
  An orc warlord (Orc:2)
  Louise (Swamp:1)
  A fire giant (D:14)
  A frost giant (D:14)
  An emperor scorpion (shapeshifter) (D:15)
  2 cacodemons (Abyss:2)
  5 very ugly things
  A stone giant (Orc:2)
  Nessos (D:12)
  2 deep elf annihilators
  2 ettins
  Snorg (D:13)
  2 fire dragons
  Erolcha (D:9)
  2 spriggan air magi (WizLab)
  4 vault guards (D:13)
  3 rakshasas
  A ghost crab (Swamp:3)
  6 catoblepae
  16 hydras
  3 centaur warriors
  An ogre mage (D:15)
  24 death yaks
  A tengu warrior (D:15)
  A deep troll shaman (Lair:6)
  A deep troll earth mage (D:14)
  3 hell hogs (Abyss:3)
  3 alligators
  2 orc high priests (Orc:2)
  3 two-headed ogres
  4 dancing weapons (Elf:1)
  4 deep elf knights (Elf:1)
  2 thrashing horrors
  7 skeletal warriors (D:14)
  2 sixfirhies (Abyss:2)
  A wretched star (Abyss:3)
  5 unseen horrors
  4 glowing orange brains
  3 shambling mangroves
  5 swamp dragons
  An unseen horror (shapeshifter) (D:15)
  4 deep elf archers (Elf:1)
  A lindwurm (Lair:6)
  6 large abominations
  4 orc knights
  A necromancer (Lair:3)
  3 salamanders (Volcano)
  23 deep elf magi
  5 harpies
  2 orc sorcerers (Orc:2)
  A faun (shapeshifter) (D:14)
  26 ugly things
  4 cyclopes
  18 slime creatures
  A manticore (shapeshifter) (D:15)
  27 elephants
  3 black mambas
  Maurice (D:13)
  A black mamba (shapeshifter) (D:13)
  16 spiny frogs
  5 gargoyles
  2 smoke demons
  A hellion (Abyss:3)
  7 komodo dragons
  4 efreet
  3 rime drakes
  4 yaktaurs (D:12)
  A troll (shapeshifter) (D:14)
  8 wind drakes (WizLab)
  3 tengu conjurers (D:15)
  5 ancient zymes
  4 trolls
  2 jumping spiders (Lair:2)
  7 hornets
  A wind drake (shapeshifter) (D:14)
  2 tyrant leeches (Swamp:1)
  9 blink frogs (Lair:6)
  7 polar bears
  13 hippogriffs
  3 bog bodies
  An ice dragon zombie (Abyss:3)
  2 raiju (Abyss:2)
  9 dream sheep
  A frost giant simulacrum (Abyss:2)
  2 redbacks (Lair:2)
  26 air elementals
  8 shadows
  A spriggan (shapeshifter) (D:15)
  4 spriggans
  10 starcursed masses
  3 vampires
  A water elemental (Elf:1)
  6 fire bats (Volcano)
  2 ynoxinuls (Abyss:3)
  A fire elemental (Elf:1)
  57 yaks
  3 hungry ghosts
  3 basilisks
  14 wyverns
  A fire bat (shapeshifter) (Abyss:3)
  16 vampire mosquitoes
  6 steam dragons
  A chaos spawn (Abyss:2)
  8 wargs
  Menkaure (D:6)
  13 insubstantial wisps
  2 soldier ants (D:9)
  2 acid dragons
  Duvessa (D:5)
  15 swamp worms
  An acid dragon (shapeshifter) (D:15)
  13 water moccasins
  8 porcupines
  7 black bears
  31 orc warriors
  A hornet zombie (D:15)
  4 sky beasts
  10 swamp drakes
  An eye of draining (D:15)
  20 ice beasts
  20 ogres
  2 phantoms
  2 necrophages
  11 wolves
  11 centaurs
  22 crocodiles
  A gnoll sergeant (D:9)
  Dowan (D:5)
  17 bullfrogs
  A spiny frog simulacrum (Abyss:3)
  5 small abominations
  5 scorpions
  5 killer bees (D:10)
  13 wights
  5 howler monkeys
  An electric eel (Lair:2)
  A quasit (D:9)
  4 centaur zombies
  9 crimson imps
  3 hounds
  4 jellies
  18 orc priests
  7 centaur skeletons
  A bullfrog skeleton (D:11)
  5 hell rats (Lair:5)
  8 iguanas
  28 orc wizards
  5 yak simulacra (Lair:3)
  Natasha (thrice) (D:3)
  10 worker ants
  A wolf simulacrum (Lair:3)
  4 polar bear simulacra (Lair:3)
  2 hound skeletons
  2 worker ant zombies (D:11)
  A howler monkey zombie (D:5)
  22 gnolls
  19 adders
  6 river rats
  3 shadow imps
  3 white imps (Lair:2)
  2 oozes
  2 worms (D:5)
  An adder skeleton (D:6)
  4 leopard geckos
  99 orcs
  8 giant cockroaches
  4 goblins
  6 hobgoblins
  4 jackals
  A quokka (D:5)
  6 bats
  9 frilled lizards
  7 kobolds
  2 leopard gecko zombies (D:5)
  12 rats
  A river rat simulacrum (Lair:3)
  19 fungi
  17 plants
1190 creatures vanquished.

Vanquished Creatures (collateral kills)
  3 hydras (Lair:4)
  A black mamba (Lair:4)
  A spiny frog (Lair:4)
  A porcupine (Lair:4)
  A crocodile (Lair:4)
  A bullfrog (Lair:4)
8 creatures vanquished.

Vanquished Creatures (others)
  A polar bear (Lair:6)
  A wind drake (WizLab)
  An air elemental (WizLab)
  A wyvern (Volcano)
  A steam dragon (Volcano)
  A vampire mosquito (D:14)
  2 insubstantial wisps (WizLab)
  A human (D:8)
  An orc wizard (Orc:2)
  A shadow imp (D:15)
  A bush (Lair:6)
  12 fungi
  47 plants
  2 starspawn tentacles (Abyss:2)
73 creatures vanquished.

Grand Total: 1271 creatures vanquished

Notes
Turn   | Place    | Note
-------+----------+-------------------------------------------
     0 | D:1      | JiminyMac the Minotaur Berserker began the quest for the Orb.
     0 | D:1      | Reached XP level 1. HP: 19/19 MP: 0/0
   243 | D:1      | Reached XP level 2. HP: 24/27 MP: 1/1
   944 | D:2      | Reached skill level 4 in Fighting
  1049 | D:2      | Reached XP level 3. HP: 33/33 MP: 2/2
  1498 | D:3      | Reached ** piety under Trog
  1558 | D:3      | Noticed Natasha
  1561 | D:3      | Killed Natasha
  1561 | D:3      | Reached XP level 4. HP: 31/40 MP: 3/3
  1696 | D:3      | Noticed Natasha
  1702 | D:3      | Killed Natasha
  1702 | D:3      | Reached skill level 5 in Axes
  1844 | D:3      | Reached XP level 5. HP: 47/47 MP: 4/4
  1919 | D:3      | Noticed Natasha
  1929 | D:3      | Killed Natasha
  2529 | D:4      | Reached skill level 5 in Fighting
  2540 | D:4      | Reached XP level 6. HP: 40/56 MP: 5/5
  2557 | D:4      | Found a staircase to the Ecumenical Temple.
  2723 | D:4      | Got an ichor-stained scale mail
  2734 | D:4      | Identified the +0 scale mail of Tenacity {Str+3 Dex-2} (You found it on level 4 of the Dungeon)
  3011 | D:4      | Reached skill level 5 in Armour
  3408 | D:4      | Reached XP level 7. HP: 38/61 MP: 6/6
  3622 | D:4      | Reached *** piety under Trog
  3652 | D:5      | Entered Level 5 of the Dungeon
  3811 | D:5      | Got a twisted whip
  3812 | D:5      | Identified the +8 whip "Milut" {slash, Int+3 Dex-3} (You found it on level 5 of the Dungeon)
  3978 | D:5      | Reached skill level 6 in Fighting
  4341 | D:5      | Noticed Duvessa
  4341 | D:5      | Reached XP level 8. HP: 64/71 MP: 7/7
  4350 | D:5      | Noticed Dowan
  4372 | D:5      | Killed Duvessa
  4377 | D:5      | Killed Dowan
  4843 | D:5      | Reached skill level 7 in Fighting
  4989 | D:6      | Reached skill level 10 in Axes
  5195 | D:6      | Reached **** piety under Trog
  5293 | D:6      | Found a hazy altar of Hepliaklqana.
  5408 | D:6      | Reached XP level 9. HP: 74/80 MP: 8/8
  5417 | D:6      | Noticed Menkaure
  5425 | D:6      | Killed Menkaure
  5667 | D:6      | Reached skill level 8 in Fighting
  5781 | D:6      | Found a glowing golden altar of the Shining One.
  6602 | D:7      | Found a deep blue altar of Sif Muna.
  6929 | D:8      | Reached skill level 9 in Fighting
  6956 | D:8      | Reached XP level 10. HP: 91/91 MP: 9/9
  7023 | D:8      | Received a gift from Trog
  7033 | D:8      | Found an opulent altar of Gozag.
  7449 | D:8      | Found a staircase to the Lair.
  7711 | D:8      | Found an ancient bone altar of Kikubaaqudgha.
  7936 | D:9      | Paralysed by a hornet for 1 turns
  8380 | D:9      | Reached skill level 10 in Fighting
  8443 | D:9      | Reached skill level 10 in Armour
  8659 | D:9      | Noticed Erolcha
  8661 | D:9      | Paralysed by Erolcha for 3 turns
  8666 | D:9      | Killed Erolcha
  8995 | D:9      | Reached ***** piety under Trog
  9048 | D:10     | Entered Level 10 of the Dungeon
  9227 | D:10     | Reached XP level 11. HP: 95/101 MP: 10/10
  9968 | D:10     | Killed an unseen horror
 10773 | D:11     | Killed an unseen horror
 10773 | D:11     | Received a gift from Trog
 10773 | D:11     | Reached skill level 11 in Fighting
 10790 | D:11     | Reached skill level 15 in Axes
 10864 | D:11     | Found a deep blue altar of Sif Muna.
 11138 | D:11     | Noticed a white ugly thing
 11145 | D:11     | Killed a white ugly thing
 12194 | Lair:1   | Entered Level 1 of the Lair of Beasts
 12372 | Lair:1   | Found a frozen archway.
 12973 | Lair:1   | Reached XP level 12. HP: 72/112 MP: 3/11
 13612 | Lair:2   | Found a dark tunnel.
 13632 | Volcano  | Entered a volcano
 13646 | Volcano  | Reached skill level 12 in Fighting
 14543 | Volcano  | Noticed a two-headed ogre
 14552 | Volcano  | Killed a two-headed ogre
 14691 | Volcano  | Noticed a fire dragon
 14703 | Volcano  | Killed a fire dragon
 15316 | Lair:2   | Received a gift from Trog
 15723 | Lair:2   | Found a hole to the Spider Nest.
 16019 | Lair:2   | Found a staircase to the Swamp.
 16758 | Lair:3   | Reached skill level 13 in Fighting
 17178 | Lair:3   | Reached XP level 13. HP: 101/122 MP: 4/12
 18078 | Lair:4   | Noticed Sonja
 20074 | Lair:5   | Received a gift from Trog
 20228 | Lair:5   | Reached skill level 14 in Fighting
 20494 | Lair:5   | Found a staircase to the Slime Pits.
 21409 | Lair:6   | Entered Level 6 of the Lair of Beasts
 22358 | Lair:6   | Reached skill level 15 in Fighting
 22567 | Lair:6   | Reached XP level 14. HP: 118/135 MP: 13/13
 23719 | Lair:6   | Reached skill level 16 in Fighting
 24045 | Lair:6   | Reached skill level 15 in Armour
 24268 | Lair:6   | Reached ****** piety under Trog
 24633 | Lair:6   | Reached skill level 17 in Fighting
 25120 | Lair:4   | Reached XP level 15. HP: 143/147 MP: 14/14
 25513 | Lair:4   | Cast into level 2 of the Abyss (Sonja)
 25687 | Abyss:2  | Received a gift from Trog
 25725 | Abyss:2  | Noticed a tentacled monstrosity
 25732 | Abyss:2  | Killed a tentacled monstrosity
 25864 | Abyss:2  | Noticed a tentacled starspawn
 25870 | Abyss:2  | Killed a tentacled starspawn
 25878 | Abyss:2  | Gained mutation: You are occasionally teleported next to monsters. [a cacodemon]
 25887 | Abyss:2  | Gained mutation: Scrolls take you a little longer to read. [a cacodemon]
 25895 | Abyss:2  | Noticed a deep elf sorcerer
 26206 | Lair:4   | Escaped the Abyss
 27099 | D:12     | Reached skill level 18 in Fighting
 27553 | D:12     | Found a staircase to the Orcish Mines.
 27816 | D:12     | Noticed Nessos
 27830 | D:12     | Killed Nessos
 27834 | D:12     | Received a gift from Trog
 27840 | D:12     | Got a twisted battleaxe {god gift}
 27841 | D:12     | Identified the +10 battleaxe of the Walnut {chop, rC+} (Trog gifted it to you on level 12 of the Dungeon)
 28136 | Orc:1    | Entered Level 1 of the Orcish Mines
 29097 | Orc:2    | Entered Level 2 of the Orcish Mines
 29754 | Orc:2    | Found a roughly hewn altar of Beogh.
 29808 | Orc:2    | Found Fyowoa's Antique Weapon Shoppe.
 30119 | Orc:2    | Found a roughly hewn altar of Beogh.
 30127 | Orc:2    | Found Urchatso's Antique Weapon Boutique.
 30193 | Orc:2    | Found a roughly hewn altar of Beogh.
 30195 | Orc:2    | Found Umniteuble's Distillery.
 30229 | Orc:2    | Bought a potion of curing for 33 gold pieces
 30364 | Orc:2    | Found a staircase to the Elven Halls.
 30394 | Orc:2    | Received a gift from Trog
 30452 | Orc:2    | Found a roughly hewn altar of Beogh.
 30744 | Orc:2    | Noticed an orc warlord
 30761 | Orc:2    | Killed an orc warlord
 30767 | Orc:2    | Found Suriam's Antique Weapon Boutique.
 31041 | Orc:2    | Found Mugestiu's Antique Armour Shop.
 31042 | Orc:2    | Found a roughly hewn altar of Beogh.
 31283 | Orc:2    | Found a roughly hewn altar of Beogh.
 31543 | Elf:1    | Entered Level 1 of the Elven Halls
 31667 | Elf:1    | Reached skill level 19 in Fighting
 31673 | Elf:1    | Found a magical portal.
 31682 | WizLab   | Entered The Chambers of the Cloud Mage
 31741 | WizLab   | Received a gift from Trog
 31880 | WizLab   | Reached skill level 5 in Dodging
 32096 | WizLab   | Reached XP level 16. HP: 131/160 MP: 15/15
 32809 | WizLab   | Noticed Yganat
 32822 | WizLab   | Banished Yganat the Cloud Mage
 33071 | WizLab   | Identified the Collected Works on Air
 33076 | WizLab   | Identified the Almanac of Lightness
 33112 | WizLab   | Received a gift from Trog
 33165 | WizLab   | Gained mutation: Scrolls take you longer to read. [mutagenic glow]
 33946 | Elf:1    | Identified the Handbook of Combat Magic
 34649 | Elf:1    | Received a gift from Trog
 35667 | Swamp:1  | Entered Level 1 of the Swamp
 35694 | Swamp:1  | Noticed Donald
 35715 | Swamp:1  | Killed Donald
 35715 | Swamp:1  | Reached skill level 20 in Fighting
 36294 | Swamp:1  | Noticed Louise
 36307 | Swamp:1  | Killed Louise
 36439 | Swamp:1  | Noticed Frances
 36451 | Swamp:1  | Killed Frances
 37603 | Swamp:2  | Received a gift from Trog
 37975 | Swamp:2  | Noticed a thorn hunter
 37984 | Swamp:2  | Killed a thorn hunter
 38010 | Swamp:2  | Reached XP level 17. HP: 102/172 MP: 16/16
 38592 | D:13     | Got a translucent trident
 38593 | D:13     | Identified the +3 trident of Gifask Foka {drain, rC++ rN+ Int+3 Stlth+} (You found it on level 13 of the Dungeon)
 38750 | D:13     | Reached skill level 21 in Fighting
 38788 | D:13     | Found a gate to the Vaults.
 38977 | D:13     | Noticed Maurice
 38978 | D:13     | Noticed Snorg
 38986 | D:13     | Killed Maurice
 38992 | D:13     | Killed Snorg
 38994 | D:13     | Received a gift from Trog
 39473 | D:14     | Found a snail-covered altar of Cheibriados.
 39582 | D:14     | Found Vexod's Antique Weapon Emporium.
 39844 | D:14     | Found a burning altar of Makhleb.
 40033 | D:14     | Got a smoking bone amulet
 40034 | D:14     | Identified the amulet of Souxyexia {RegenMP rElec rF- Str+4} (You took it off a frost giant on level 14 of the Dungeon)
 40081 | D:14     | Received a gift from Trog
 40126 | D:14     | Got a scintillating marble ring
 40128 | D:14     | Identified the ring of Polytheism {Ice Int+4} (You took it off a tengu reaver on level 14 of the Dungeon)
 40357 | D:14     | Reached skill level 10 in Dodging
 41185 | D:15     | Entered Level 15 of the Dungeon
 41185 | D:15     | Found a portal to a secret trove of treasure.
 41471 | D:15     | Reached skill level 22 in Fighting
 42315 | D:15     | Found a shadowy altar of Dithmenos.
 42420 | D:15     | Received a gift from Trog
 42429 | D:15     | Found a staircase to the Depths.
 42436 | D:15     | Cast into level 3 of the Abyss (a distortion unwield)
 42439 | Abyss:3  | Found a corrupted altar of Lugonu.
 42515 | Abyss:3  | Reached XP level 18. HP: 161/184 MP: 17/17
 42787 | Abyss:3  | Found a corrupted altar of Lugonu.
 42800 | Abyss:3  | Found an opulent altar of Gozag.
 42975 | D:15     | Escaped the Abyss
 44300 | Swamp:2  | Received a gift from Trog
 45256 | Swamp:3  | Identified a scroll of acquirement
 45260 | Swamp:3  | Got a scintillating amber ring
 45262 | Swamp:3  | Identified the ring of Faub {+Inv rN+ MR- AC+3 Int+3} (You acquired it on level 3 of the Swamp)
 45629 | Swamp:4  | Entered Level 4 of the Swamp
 45699 | Swamp:3  | HP: 7/280 [six-headed hydra (8)]
 45699 | Swamp:3  | Slain by an eight-headed hydra

Vault maps used:
D:1:      ncdulo_smallfort, hangedman_decor_points
D:2:      first_bread
D:3:      uniq_natasha
D:4:      kennysheep_six_static_rooms, minmay_temple_entry_large_hall
D:5:      minivault_14, abandoned_shop, st_stairs_5, minmay_misc_feat_room,
          serial_bayou_crossing, uniq_duvessa
D:6:      basic_altar, tso_metal_star, uniq_menkaure
D:7:      kennysheep_orc_sif_temple
D:8:      grunt_gozag_breadcrumbs, erik_lair_dragon, tgw_kikubaaqudgha
D:9:      hangedman_pestilent_swarm, uniq_erolcha
D:11:     serial_park, serial_park_tiny_pond, serial_park_paths,
          serial_park_tiny_1, serial_park_tiny_1, serial_park_avenue1,
          led_sif_book
D:12:     david_orc_3, uniq_nessos
D:13:     lightli_vaults_fourway_checkpoint, uniq_snorg, uniq_maurice
D:14:     basic_altar, serial_shops, nicolae_shop_statue_plus,
          minmay_the_grid_triangle_9x9_recursive_2
D:15:     gammafunk_enter_depths_forms, eino_curves_04, enter_trove_2,
          grunt_dithmenos_shadows
Lair:1:   portal_ice_cave_entry_ice_beasts
Lair:2:   minmay_swamp_entry_swarm, spider_nest_entry_funnel_web,
          enter_volcano_2, ice2_lemuel
Lair:3:   eino_house_with_fridge, grunt_megastairs_1
Lair:4:   beast_lair_carwin_4, grunt_megastairs_4, uniq_sonja
Lair:5:   dpeg_slime_entry_corner, lookout_lair_type, kennysheep_abandoned_house
Lair:6:   grunt_lair_end_beastmaster, grunt_megastairs_5, lemuel_fruit_tree
Swamp:1:  nicolae_swamp_fairy_circle, swamp_pool4, infiniplex_staircase_pool_2,
          uniq_louise, uniq_donald, uniq_frances
Swamp:2:  evilmike_swamp_ruin_house_5
Swamp:3:  evilmike_swamp_ruin_house_4
Swamp:4:  swamp, swamp_pool3
Orc:1:    minmay_orc_barracks
Orc:2:    grunt_orc_community_town_hall, grunt_orc_community_big_house_2,
          grunt_orc_community_big_house_1, grunt_orc_community_house_3,
          grunt_orc_community_house_2, grunt_orc_community_house_2,
          grunt_orc_community_house_3, serial_shops, shop
Elf:1:    mu_enter_wizlab_5, minmay_elf_annihilation
Abyss:3:  evilmike_abyss_rune_ettins
Volcano:  pf_volcano_lost_world
WizLab:   wizlab_cloud

Skill      XL: |  1  2  3  4  5  6  7  8  9 10 11 12 13 14 15 16 17 18 |
---------------+-------------------------------------------------------+-----
Axes           | 4 5 6 7 8 10 12 14 16 17 19 20 | 20.8
Armour         | 3 4 5 6 7 9 10 11 13 14 15 16 17 18 19 | 19.0
Fighting       | 4 5 6 7 9 10 11 13 15 17 19 20 22 | 22.7
Dodging        | 5 8 10 11 | 11.2

Action                   |  1- 3 |  4- 6 |  7- 9 | 10-12 | 13-15 | 16-18 || total
-------------------------+-------+-------+-------+-------+-------+-------++-------
Melee: Hand axe          |    56 |   109 |   213 |       |       |       ||   378
       Headbutt          |     4 |    17 |    61 |   153 |   289 |   276 ||   800
       Whip              |       |       |    10 |       |       |       ||    10
       Battleaxe         |       |       |    87 |   213 |   705 |   956 ||  1961
       Broad axe         |       |       |       |   357 |   239 |       ||   596
       Executioner's axe |       |       |       |       |    13 |       ||    13
       Demon trident     |       |       |       |       |    10 |       ||    10
Throw: Tomahawk          |       |       |       |       |     2 |     2 ||     4
Invok: Berserk           |       |     4 |     7 |    18 |    31 |    27 ||    87
       Burn Spellbooks   |       |       |     1 |     1 |     1 |     7 ||    10
       Trog's Hand       |       |       |       |     1 |       |     7 ||     8
       Brothers in Arms  |       |       |       |       |     4 |       ||     4
  Use: Scroll            |     1 |     3 |     8 |       |    19 |     8 ||    39
       Potion            |       |       |       |       |     4 |     5 ||     9
  Eat: Chunk             |     2 |     5 |    18 |    31 |    35 |    36 ||   127
       Bread ration      |       |     1 |     2 |     2 |     3 |     1 ||     9
       Fruit             |       |       |       |    10 |     1 |    10 ||    21
       Meat ration       |       |       |       |     2 |     5 |     5 ||    12
       Royal jelly       |       |       |       |     1 |     1 |     1 ||     3
Armor: Animal skin       |    12 |     1 |       |       |       |       ||    13
       Scale mail        |       |    45 |    10 |       |       |       ||    55
       Plate armour      |       |       |   192 |   429 |   534 |   448 ||  1603
Dodge: Dodged            |    41 |    56 |   118 |   198 |   369 |   644 ||  1426
